 Dungeon Crawl Stone Soup version 0.30-a0-368-g86fb4627a9 (webtiles) character file.

Game seed: 8634733964819739334

136 themarg the Conjurer (level 4, -11/33 HPs)
             Began as a Draconian Conjurer on Nov 19, 2022.
             Mangled by Crazy Yiuf
             ... wielding a +3 quarterstaff of chaos
              (15 damage)
             ... on level 3 of the Dungeon.
             The game lasted 00:08:35 (3652 turns).

themarg the Conjurer (Draconian Conjurer)           Turns: 3652, Time: 00:08:36

Health: -11/33     AC:  5    Str:  9    XL:     4   Next: 98%
Magic:  2/9        EV: 12    Int: 20    God:
Gold:   170        SH:  5    Dex: 10    Spells: 6/9 levels left

rFire   . . .      SeeInvis +    d - +3 dagger
rCold   . . .      Faith    .    (no shield)
rNeg    . . .      Spirit   .    (body armour unavailable)
rPois   +          Reflect  +    (helmet restricted)
rElec   .          Harm     .    (no cloak)
rCorr   .          Rampage  .    (no gloves)
Will    .....                    (no boots)
Stlth   ++........               v - amulet of reflection
HPRegen 0.25/turn                c - ring of poison resistance
MPRegen 0.11/turn                h - ring of see invisible

@: no status effects
A: AC +5, unfitting armour, cold-blooded
a: no special abilities


You were on level 3 of the Dungeon.
You visited 1 branch of the dungeon, and saw 3 of its levels.

You collected 170 gold pieces.

Inventory:

Hand Weapons
 d - a +3 dagger (weapon)
Missiles
 l - 5 stones
 t - 2 boomerangs
Jewellery
 c - a ring of poison resistance (left hand)
 h - a ring of see invisible (right hand)
 v - an amulet of reflection (around neck)
Wands
 o - a wand of polymorph (11)
Scrolls
 i - 2 scrolls of silence {unknown}
 k - a scroll of identify {unknown}
 m - a scroll of immolation {unknown}
 n - a scroll of torment {unknown}
 q - a scroll of enchant weapon {unknown}
 s - a scroll of amnesia {unknown}
 u - a scroll of poison {unknown}
Potions
 a - a potion of curing {unknown}
 b - 2 potions of heal wounds
 e - a potion of lignification {unknown}
 f - a potion of haste {unknown}
 g - a potion of degeneration {unknown}
 j - a potion of might {unknown}
 p - a potion of attraction {unknown}
 r - a potion of brilliance {unknown}


   Skills:
 - Level 1.7 Dodging
 - Level 3.0 Stealth
 + Level 3.4 Spellcasting
 + Level 4.9 Conjurations


You had 6 spell levels left.
You knew the following spells:

 Your Spells              Type           Power      Damage    Failure   Level
a - Magic Dart            Conj           92%        1d7       1%          1
b - Searing Ray           Conj           46%        2d6       2%          2

Your spell library contained the following spells:

 Spells                   Type           Power      Damage    Failure   Level
 Dazzling Flash           Conj/Hex       26%        N/A       16%         3
 Call Imp                 Summ           3%         N/A       21%         2
 Sublimation of Blood     Necr           3%         N/A       21%         2
 Mephitic Cloud           Conj/Pois/Air  9%         N/A       22%         3
 Fulminant Prism          Conj/Hex       6%         3d7       45%         4
 Iskenderun's Mystic Bla  Conj/Tloc      13%        2d5       45%         4
 Petrify                  Tmut/Erth      3%         N/A       80%         4
 Irradiate                Conj/Tmut      6%         3d13      80%         5


Dungeon Overview and Level Annotations

Branches:
Dungeon (3/15)

Altars:
Cheibriados
Elyvilon
Kikubaaqudgha
Xom

Annotations:
D:3 Crazy Yiuf


Innate Abilities, Weirdness & Mutations

Your plain brown scales are hard. (AC +5)
You cannot fit into any form of body armour.
You are cold-blooded and may be slowed by cold attacks.


Message History

You now have 170 gold pieces (gained 4).
b - 2 grey potions (gained 1)
Found a hammer.
Found a runed translucent door.
Crazy Yiuf shouts!
There is an open door here.
You see here a +0 short sword.
As you open the door, it creaks loudly!
Crazy Yiuf says, "Powder light sizzlefizz!"
Casting: Magic Dart (safe; 1% risk of failure)
Confirm with . or Enter, or press ? or * to list all spells.
Aiming: Searing Ray (safe; 2% risk of failure)
Press: ? - help, Shift-Dir - straight line, f - Crazy Yiuf
Aim: Crazy Yiuf, wielding a +3 quarterstaff of chaos and wearing a +0 cloak (81% to hit)
The searing ray hits Crazy Yiuf.
Crazy Yiuf is lightly wounded. (Press . to maintain the ray.) Crazy Yiuf closely misses you.
The searing ray hits Crazy Yiuf.
Crazy Yiuf is heavily wounded.
Crazy Yiuf grits, "Action mobile tortoise!"
Crazy Yiuf hits you with a +3 quarterstaff of chaos!
Crazy Yiuf freezes you.
The searing ray hits Crazy Yiuf.
Crazy Yiuf is severely wounded.
Crazy Yiuf drinks a potion.
Crazy Yiuf is healed!
The searing ray hits Crazy Yiuf!
Crazy Yiuf is moderately wounded.
You finish channelling your searing ray.
Crazy Yiuf hits you with a +3 quarterstaff of chaos!
* * * LOW HITPOINT WARNING * * *
Casting: Searing Ray (safe; 2% risk of failure)
Confirm with . or Enter, or press ? or * to list all spells.
Aiming: Searing Ray (safe; 2% risk of failure)
Press: ? - help, Shift-Dir - straight line, f/p - Crazy Yiuf
Aim: Crazy Yiuf, wielding a +3 quarterstaff of chaos and wearing a +0 cloak (moderately wounded, 81% to hit)
The searing ray hits Crazy Yiuf.
Crazy Yiuf is severely wounded. (Press . to maintain the ray.) Crazy Yiuf hits you with a +3 quarterstaff of chaos!
You die...

##### ############ ### ######....
#....##.#.P## ###..)# #....'....
............####@g...# ######....
..)..##)...P.#..##...# #.....
....>##.#.P.#.### ### #.####
.....##.####### #.#... ......#.#
#....# ....#...## ###
##########..#
####.....###.########...#....#..#
.###.##).)...<..........#.##.#...
.....###.##..#######.......#.##.#


You could see Crazy Yiuf.

Vanquished Creatures
  An orc priest (D:3)
  An orc wizard (D:3)
  A worm (D:2)
  3 dart slugs
  11 orcs
  4 endoplasms
  4 giant cockroaches
  6 goblins
  3 hobgoblins
  2 jackals (D:1)
  A kobold (D:3)
  3 quokkas
  6 ball pythons
  5 bats
  2 frilled lizards (D:3)
  6 rats
59 creatures vanquished.

Notes
Turn   | Place    | Note
-------+----------+-------------------------------------------
     0 | D:1      | themarg the Draconian Conjurer began the quest for the Orb.
     0 | D:1      | Reached XP level 1. HP: 14/14 MP: 3/3
   190 | D:1      | Reached XP level 2. HP: 20/20 MP: 0/5
   193 | D:1      | Learned a level 2 spell: Searing Ray
   934 | D:1      | Reached XP level 3. HP: 26/26 MP: 2/6
  1451 | D:2      | Found a shimmering altar of Xom.
  2973 | D:3      | Reached XP level 4. HP: 33/33 MP: 1/8
  3214 | D:3      | Found an ancient bone altar of Kikubaaqudgha.
  3226 | D:3      | Found a snail-covered altar of Cheibriados.
  3244 | D:3      | Found a white marble altar of Elyvilon.
  3444 | D:3      | Found a shimmering altar of Xom.
  3593 | D:3      | Found a runed translucent door.
  3594 | D:3      | Noticed Crazy Yiuf
  3652 | D:3      | Mangled by Crazy Yiuf

Illustrated notes

Levels and vault maps discovered:
D:1:      dpeg_arrival_tiny_k, layout_loops_cross, minmay_pentomino_w2
D:2:      layout_loops_corners, basic_altar
D:3:      layout_basic, nicolae_overflow_quartered_altars,
          uniq_crazy_yiuf_cottage

Skill      XL: |  1  2  3  4 |
---------------+-------------+-----
Stealth        | 2 3 |  3.0
Spellcasting   | 3 |  3.4
Dodging        | |  1.7
Conjurations   | |  4.9

Action                   |  1- 3 |  4- 6 || total
-------------------------+-------+-------++-------
Melee: Dagger            |    52 |       ||    52
       Tailslap          |     8 |       ||     8
 Cast: Magic Dart        |    78 |     9 ||    87
       Searing Ray       |    12 |     7 ||    19
  Use: Potion            |     1 |       ||     1
Armor: Skin              |    10 |     1 ||    11
Dodge: Dodged            |    52 |     1 ||    53

Table legend: (Time is in decaauts)
 A = Elapsed time spent in this place.
 B = Non-inter-level travel time spent in this place.
 C = Inter-level travel time spent in this place.
 D = Time resting spent in this place.
 E = Time spent auto-exploring this place.
 F = Levels seen in this place.
 G = Mean time per level.
                   A        B        C        D        E       F      G
               +--------+--------+--------+--------+--------+-----+--------+
         Total |   3652 |   3567 |     85 |    434 |   2676 |   3 | 1217.3 |
       Dungeon |   3652 |   3567 |     85 |    434 |   2676 |   3 | 1217.3 |
               +--------+--------+--------+--------+--------+-----+--------+

Top non-repeatable levels by time:
     D:2: 1349 daAuts
     D:1: 1301 daAuts
     D:3: 1001 daAuts
